TOP OF THE 1ST |
Corpus Christi Hooks batting - Pitching for New Hampshire Fisher Cats : RHP Josh Weinmann
|
Pitching: RHP Josh Weinmann
|
|
Batting: RHB Masaru Konno
|
0-0: Swinging Strike 0-1: Fly out, F8 (Flyball, 8RD, EV 93.1 MPH)
|
Batting: LHB Bob Dietz
|
0-0: Ball 1-0: Ball 2-0: Foul Ball, location: 2F 2-1: Swinging Strike 2-2: Foul Ball, location: 2F 2-2: Strikes out swinging, 2-3 out at first.
|
Batting: RHB Bruce Bermudez
|
0-0: Called Strike 0-1: Foul Ball, location: 2F 0-2: Fly out, F8 (Flyball, 8LXD, EV 85.0 MPH)
|
Top of the 1st over - 0 runs, 0 hits, 0 errors, 0 left on base; Corpus Christi 0 - New Hampshire 0 |
BOTTOM OF THE 1ST |
New Hampshire Fisher Cats batting - Pitching for Corpus Christi Hooks : LHP Dzintars Balodis
|
Pitching: LHP Dzintars Balodis
|
|
Batting: LHB Timo Gomez
|
0-0: Foul Ball, location: 2F 0-1: Foul Ball, location: 2F 0-2: Ball 1-2: Foul Ball, location: 2F 1-2: Ball 2-2: Strikes out swinging
|
Batting: RHB Frank Caulfield
|
0-0: Called Strike 0-1: Ball 1-1: Fly out, F9 (Line Drive, 9LM, EV 85.6 MPH)
|
Batting: RHB Scott Travis
|
0-0: Fly out, F7 (Flyball, 7D, EV 75.0 MPH)
|
Bottom of the 1st over - 0 runs, 0 hits, 0 errors, 0 left on base; Corpus Christi 0 - New Hampshire 0 |
TOP OF THE 2ND |
Corpus Christi Hooks batting - Pitching for New Hampshire Fisher Cats : RHP Josh Weinmann
|
Batting: RHB Sam Spohn
|
0-0: Foul Ball, location: 2F 0-1: Called Strike 0-2: Ball 1-2: Foul Ball, location: 2F 1-2: Strikes out swinging
|
Batting: RHB Ryan Salas
|
0-0: Ball 1-0: Ball 2-0: Called Strike 2-1: Ball 3-1: Ground out 6-3 (Groundball, 6, EV 84.4 MPH)
|
Batting: LHB Vinny Siebecker
|
0-0: Ball 1-0: Fly out, F9 (Line Drive, 9LM, EV 108.1 MPH)
|
Top of the 2nd over - 0 runs, 0 hits, 0 errors, 0 left on base; Corpus Christi 0 - New Hampshire 0 |
BOTTOM OF THE 2ND |
New Hampshire Fisher Cats batting - Pitching for Corpus Christi Hooks : LHP Dzintars Balodis
|
Batting: SHB Jack Andrews
|
0-0: Called Strike 0-1: Ball 1-1: Ball 2-1: Foul Ball, location: 2F 2-2: Strikes out swinging
|
Batting: RHB Chris Martin
|
0-0: Ball 1-0: Ball 2-0: Foul Ball, location: 2F 2-1: Ball 3-1: Foul Ball, location: 2F 3-2: Strikes out swinging
|
Batting: LHB Pauli Gassinger
|
0-0: Ball 1-0: Called Strike 1-1: Foul Ball, location: 2F 1-2: Ball 2-2: Strikes out swinging
|
Bottom of the 2nd over - 0 runs, 0 hits, 0 errors, 0 left on base; Corpus Christi 0 - New Hampshire 0 |
TOP OF THE 3RD |
Corpus Christi Hooks batting - Pitching for New Hampshire Fisher Cats : RHP Josh Weinmann
|
Batting: RHB Jamie Jennings
|
0-0: Ball 1-0: Called Strike 1-1: Fly out, F8 (Flyball, 8LM, EV 86.2 MPH)
|
Batting: RHB Steve Moore
|
0-0: Ball 1-0: Ball 2-0: Swinging Strike 2-1: Called Strike 2-2: Strikes out swinging, 2-3 out at first.
|
Batting: LHB Jimmy Edlin
|
0-0: Foul Ball, location: 2F 0-1: Foul Ball, location: 2F 0-2: Ground out 4-3 (Groundball, 4M, EV 84.4 MPH)
|
Top of the 3rd over - 0 runs, 0 hits, 0 errors, 0 left on base; Corpus Christi 0 - New Hampshire 0 |
BOTTOM OF THE 3RD |
New Hampshire Fisher Cats batting - Pitching for Corpus Christi Hooks : LHP Dzintars Balodis
|
Batting: RHB Bryan Peterson
|
0-0: Ball 1-0: Called Strike 1-1: SINGLE (Line Drive, 89S, EV 93.1 MPH)
|
Batting: LHB Yoshinari Nara
|
0-0: Called Strike 0-1: Ball 1-1: Ball 2-1: Ball 3-1: Called Strike 3-2: Foul Ball, location: 2F 3-2: Foul Ball, location: 2F 3-2: Ground out 4-3 (Groundball, 4S, EV 78.8 MPH) Bryan Peterson to second
|
Batting: RHB Kirk Seiffert
|
0-0: Ball 1-0: Ground out 4-3 (Groundball, 4, EV 110.0 MPH) Bryan Peterson to third
|
Batting: LHB Timo Gomez
|
0-0: Ball 1-0: SINGLE (Line Drive, 34D, EV 100.0 MPH) Bryan Peterson scores
|
Batting: RHB Frank Caulfield
|
0-0: Called Strike 0-1: Ball 1-1: Ball 2-1: Called Strike 2-2: Foul Ball, location: 2F 2-2: Ball Timo Gomez steals 2nd, throwing error, E2 Timo Gomez to third 3-2: Foul Ball, location: 2F 3-2: DOUBLE (Line Drive, 8RD, EV 101.2 MPH) Timo Gomez scores
|
Batting: RHB Scott Travis
|
0-0: Ball 1-0: Foul Ball, location: 2F 1-1: Called Strike 1-2: Foul Ball, location: 2F 1-2: Ball 2-2: Ball 3-2: Base on Balls
|
Batting: SHB Jack Andrews
|
0-0: Called Strike 0-1: Foul Ball, location: 2F 0-2: Ball 1-2: Strikes out looking
|
Bottom of the 3rd over - 2 runs, 3 hits, 1 error, 2 left on base; Corpus Christi 0 - New Hampshire 2 |
TOP OF THE 4TH |
Corpus Christi Hooks batting - Pitching for New Hampshire Fisher Cats : RHP Josh Weinmann
|
Batting: RHB Masaru Konno
|
0-0: Ball 1-0: Called Strike 1-1: Foul Ball, location: 2F 1-2: Foul Ball, location: 2F 1-2: Ball 2-2: Ball 3-2: Base on Balls
|
Batting: LHB Bob Dietz
|
0-0: Ball 1-0: Called Strike 1-1: Foul Ball, location: 2F 1-2: Fly out, F7 (Line Drive, 7S, EV 99.4 MPH)
|
Batting: RHB Bruce Bermudez
|
0-0: Ball 1-0: Called Strike 1-1: Called Strike 1-2: Foul Ball, location: 2F 1-2: SINGLE (Groundball, 4D, EV 95.6 MPH) Masaru Konno to second Runner from 2nd tries for 3rd, SAFE, throw by CF made to third
|
Batting: RHB Sam Spohn
|
0-0: Swinging Strike 0-1: Foul Ball, location: 2F 0-2: Ball 1-2: Ball 2-2: Ball 3-2: Strikes out looking
|
Batting: RHB Ryan Salas
|
0-0: Called Strike 0-1: Fly out, F9 (Line Drive, 9S, EV 112.5 MPH)
|
Top of the 4th over - 0 runs, 1 hit, 0 errors, 2 left on base; Corpus Christi 0 - New Hampshire 2 |
BOTTOM OF THE 4TH |
New Hampshire Fisher Cats batting - Pitching for Corpus Christi Hooks : LHP Dzintars Balodis
|
Batting: RHB Chris Martin
|
0-0: Ball 1-0: Swinging Strike 1-1: Foul Ball, location: 2F 1-2: Ball 2-2: SINGLE (Groundball, 6, EV 98.8 MPH)
|
Batting: LHB Pauli Gassinger
|
0-0: Ball 1-0: Ball 2-0: Called Strike 2-1: Ball 3-1: Swinging Strike 3-2: Strikes out swinging Chris Martin is caught stealing 2nd base 2-6 Batter strikes out.
|
Batting: RHB Bryan Peterson
|
0-0: Swinging Strike 0-1: Ball 1-1: Ball 2-1: Foul Ball, location: 2F 2-2: SINGLE (Groundball, 56D, EV 95.6 MPH)
|
Batting: LHB Yoshinari Nara
|
0-0: Ball 1-0: Ball 2-0: Called Strike 2-1: Called Strike 2-2: Ball Bryan Peterson is caught stealing 2nd base 2-6
|
Bottom of the 4th over - 0 runs, 2 hits, 0 errors, 0 left on base; Corpus Christi 0 - New Hampshire 2 |
TOP OF THE 5TH |
Corpus Christi Hooks batting - Pitching for New Hampshire Fisher Cats : RHP Josh Weinmann
|
Batting: LHB Vinny Siebecker
|
0-0: Ball 1-0: Foul Ball, location: 2F 1-1: Fly out, F8 (Line Drive, 8RD, EV 95.6 MPH)
|
Batting: RHB Jamie Jennings
|
0-0: Fly out, F6 (Popup, P, EV 72.5 MPH)
|
Batting: RHB Steve Moore
|
0-0: Fly out, F8 (Flyball, 8RM, EV 91.9 MPH)
|
Top of the 5th over - 0 runs, 0 hits, 0 errors, 0 left on base; Corpus Christi 0 - New Hampshire 2 |
BOTTOM OF THE 5TH |
New Hampshire Fisher Cats batting - Pitching for Corpus Christi Hooks : LHP Dzintars Balodis
|
Pitching: RHP Shane Walker
|
|
Batting: LHB Yoshinari Nara
|
0-0: Called Strike 0-1: Swinging Strike 0-2: Strikes out swinging
|
Batting: RHB Kirk Seiffert
|
0-0: SINGLE (Flyball, 34D, EV 90.0 MPH)
|
Batting: LHB Timo Gomez
|
0-0: Ball 1-0: Ball 2-0: Called Strike 2-1: Ball Kirk Seiffert is caught stealing 2nd base 2-6 3-1: Foul Ball, location: 2F 3-2: Base on Balls
|
Batting: RHB Frank Caulfield
|
0-0: Called Strike Timo Gomez steals 2nd base 0-1: Ball 1-1: Fly out, F8 (Line Drive, 78D, EV 97.5 MPH)
|
Bottom of the 5th over - 0 runs, 1 hit, 0 errors, 1 left on base; Corpus Christi 0 - New Hampshire 2 |
TOP OF THE 6TH |
Corpus Christi Hooks batting - Pitching for New Hampshire Fisher Cats : RHP Josh Weinmann
|
Batting: LHB Jimmy Edlin
|
0-0: Ball 1-0: Swinging Strike 1-1: Called Strike 1-2: Strikes out swinging
|
Batting: RHB Masaru Konno
|
0-0: Ball 1-0: SINGLE (Line Drive, 56D, EV 98.1 MPH)
|
Batting: LHB Bob Dietz
|
0-0: Ball 1-0: Called Strike 1-1: Grounds into double play, 6-4-3 (Groundball, 56, EV 88.8 MPH)
|
Top of the 6th over - 0 runs, 1 hit, 0 errors, 0 left on base; Corpus Christi 0 - New Hampshire 2 |
BOTTOM OF THE 6TH |
New Hampshire Fisher Cats batting - Pitching for Corpus Christi Hooks : RHP Shane Walker
|
Batting: RHB Scott Travis
|
0-0: Ground out 6-3 (Groundball, 6, EV 105.0 MPH)
|
Batting: SHB Jack Andrews
|
0-0: Ground out 3-1 (Groundball, 13, EV 88.8 MPH)
|
Batting: RHB Chris Martin
|
0-0: Foul Ball, location: 2F 0-1: Ground out 6-3 (Groundball, 6, EV 80.0 MPH)
|
Bottom of the 6th over - 0 runs, 0 hits, 0 errors, 0 left on base; Corpus Christi 0 - New Hampshire 2 |
TOP OF THE 7TH |
Corpus Christi Hooks batting - Pitching for New Hampshire Fisher Cats : RHP Josh Weinmann
|
Batting: RHB Bruce Bermudez
|
0-0: Called Strike 0-1: Ball 1-1: Ball 2-1: Foul Ball, location: 2F 2-2: SINGLE (Line Drive, 4D, EV 96.2 MPH)
|
Batting: RHB Sam Spohn
|
0-0: Ball 1-0: Foul Ball, location: 2F 1-1: Called Strike 1-2: Strikes out swinging
|
Batting: RHB Ryan Salas
|
0-0: Called Strike 0-1: Ball Bruce Bermudez steals 2nd base (no throw) 1-1: Called Strike 1-2: TRIPLE (Flyball, 78XD, EV 98.1 MPH) Bruce Bermudez scores
|
Batting: LHB Vinny Siebecker
|
0-0: Called Strike 0-1: Fly out, F8 (Flyball, 8LXD, EV 86.9 MPH) Runner from 3rd tags up, SCORES, no throw by CF
|
Batting: RHB Jamie Jennings
|
0-0: Ball 1-0: Ground out 5-3 (Groundball, 56S, EV 78.1 MPH)
|
Top of the 7th over - 2 runs, 2 hits, 0 errors, 0 left on base; Corpus Christi 2 - New Hampshire 2 |
BOTTOM OF THE 7TH |
New Hampshire Fisher Cats batting - Pitching for Corpus Christi Hooks : RHP Shane Walker
|
Batting: LHB Pauli Gassinger
|
0-0: Ball 1-0: DOUBLE (Line Drive, 9LS, EV 96.9 MPH)
|
Batting: RHB Bryan Peterson
|
0-0: Fly out, F8 (Flyball, 8RD, EV 95.0 MPH)
|
Batting: LHB Yoshinari Nara
|
0-0: Intentional Walk
|
Pinch Hitting: LHB Rodrigo Briceno
|
0-0: Ball 1-0: Foul Ball, location: 2F 1-1: Ball 2-1: Swinging Strike 2-2: Fly out, F8 (Flyball, 8RD, EV 98.8 MPH)
|
Batting: LHB Timo Gomez
|
0-0: Foul Ball, location: 2F 0-1: Called Strike 0-2: Strikes out swinging
|
Bottom of the 7th over - 0 runs, 1 hit, 0 errors, 2 left on base; Corpus Christi 2 - New Hampshire 2 |
TOP OF THE 8TH |
Corpus Christi Hooks batting - Pitching for New Hampshire Fisher Cats : RHP Josh Weinmann
|
Now at 3B: Jack Andrews
|
|
Now at SS: Matt Nycz
|
|
Batting: RHB Steve Moore
|
0-0: Ball 1-0: Called Strike 1-1: Foul Ball, location: 2F 1-2: Ball 2-2: Ground out 6-3 (Groundball, 6, EV 102.5 MPH)
|
Batting: LHB Jimmy Edlin
|
0-0: Swinging Strike 0-1: Ball 1-1: Ball 2-1: Ball 3-1: Foul Ball, location: 2F 3-2: Strikes out swinging
|
Batting: RHB Masaru Konno
|
0-0: Foul Ball, location: 2F 0-1: Ball 1-1: Ball 2-1: Ball 3-1: Foul Ball, location: 2F 3-2: Foul Ball, location: 2F 3-2: Foul Ball, location: 2F 3-2: SINGLE (Groundball, 4M, EV 106.9 MPH) (infield hit)
|
Batting: LHB Bob Dietz
|
0-0: Called Strike 0-1: Fly out, F9 (Flyball, 89M, EV 88.1 MPH)
|
Top of the 8th over - 0 runs, 1 hit, 0 errors, 1 left on base; Corpus Christi 2 - New Hampshire 2 |
BOTTOM OF THE 8TH |
New Hampshire Fisher Cats batting - Pitching for Corpus Christi Hooks : RHP Shane Walker
|
Pinch Hitting: LHB Tso-lin Fen
|
0-0: Ball 1-0: Foul Ball, location: 2F 1-1: Ball 2-1: Foul Ball, location: 2F 2-2: Foul Ball, location: 2F 2-2: Fly out, F8 (Flyball, 8LD, EV 87.5 MPH)
|
Batting: RHB Scott Travis
|
0-0: Called Strike 0-1: Ball 1-1: Ball 2-1: Ball 3-1: SINGLE (Groundball, 6MD, EV 100.6 MPH)
|
Batting: SHB Jack Andrews
|
0-0: Fly out, F9 (Flyball, 89S, EV 77.5 MPH)
|
Batting: RHB Chris Martin
|
0-0: Called Strike Scott Travis steals 2nd base (no throw) 0-1: Fly out, F4 (Popup, 34, EV 65.6 MPH)
|
Bottom of the 8th over - 0 runs, 1 hit, 0 errors, 1 left on base; Corpus Christi 2 - New Hampshire 2 |
TOP OF THE 9TH |
Corpus Christi Hooks batting - Pitching for New Hampshire Fisher Cats : RHP Josh Weinmann
|
Now at 2B: Andres Lozano
|
|
Batting: RHB Bruce Bermudez
|
0-0: Called Strike 0-1: Foul Ball, location: 2F 0-2: Foul Ball, location: 2F 0-2: Foul Ball, location: 2F 0-2: Fly out, F3 (Line Drive, 3D, EV 69.4 MPH)
|
Batting: RHB Sam Spohn
|
0-0: Ball 1-0: Foul Ball, location: 2F 1-1: Ball 2-1: Ball 3-1: Base on Balls
|
Pitching: RHP Sergio Valdivia
|
|
Batting: RHB Ryan Salas
|
0-0: Swinging Strike 0-1: Called Strike 0-2: Ball 1-2: Strikes out swinging
|
Batting: LHB Vinny Siebecker
|
0-0: Ball 1-0: Ball 2-0: TRIPLE (Flyball, 9LD, EV 107.5 MPH) Sam Spohn scores
|
Batting: RHB Jamie Jennings
|
0-0: Ball 1-0: Foul Ball, location: 2F 1-1: Ball 2-1: 2-RUN HOME RUN (Flyball, 8RXD, EV 116.9 MPH), Distance : 458 ft
|
Batting: RHB Steve Moore
|
0-0: Ball 1-0: Called Strike 1-1: Foul Ball, location: 2F 1-2: Strikes out looking
|
Top of the 9th over - 3 runs, 2 hits, 0 errors, 0 left on base; Corpus Christi 5 - New Hampshire 2 |
BOTTOM OF THE 9TH |
New Hampshire Fisher Cats batting - Pitching for Corpus Christi Hooks : RHP Shane Walker
|
Pitching: RHP Isaiah McLaurin
|
|
Batting: LHB Pauli Gassinger
|
0-0: Foul Ball, location: 2F 0-1: Called Strike 0-2: Foul Ball, location: 2F 0-2: Strikes out swinging
|
Batting: RHB Bryan Peterson
|
0-0: Ball 1-0: Ground out 5-3 (Groundball, 56, EV 107.5 MPH)
|
Batting: LHB Yoshinari Nara
|
0-0: Swinging Strike 0-1: Called Strike 0-2: Strikes out swinging
|
Bottom of the 9th over - 0 runs, 0 hits, 0 errors, 0 left on base; Corpus Christi 5 - New Hampshire 2 |
|